[Event "ETCC  2007"]
[Site "Crete"]
[Date "2007.11.06"]
[Round "9"]
[White "Georgiev , Kiril(BUL)"]
[Black "Grischuk, Alexander (RUS)"]
[Result "1-0"]
[ECO "E32"]
[WhiteElo "2649"]
[BlackElo "2715"]
[Annotator "Ëåáåäåâ Âàñèëèé"]
[PlyCount "85"]
[EventDate "2007.11.06"]
[TimeControl "5400"]

1. d4 Nf6 2. c4 e6 3. Nc3 Bb4 4. Qc2 {Ó ìåíÿ ñîçäàëîñü âïå÷àòëåíèå ÷òî â
ýòîì âàðèàíòå ñåé÷àñ ó áåëûõ êðèçèñ èäåé. Íåñìîòðÿ íà ñòð. 280-284 â êíèãå Ã.
Êàñïàðîâà. «Äåáþòíàÿ ðåâîëþöèÿ 70-õ»} O-O 5. a3 Bxc3+ 6. Qxc3 b6 7. e3 Bb7
8. Nf3 d6 9. Be2 Nbd7 10. O-O Ne4 11. Qc2 f5 12. b4 Rf6 13. d5 Rg6 {
Äî ñèõ ïîð âñ¸ áûëî ñòðîãî ïî òåîðèè.} 14. Bb2 ({Ñî âðåì¸í ïàðòèè Êðàìíèê-
Ïîëãàð ñ÷èòàëîñü, ÷òî çàìûñåë ÷¸ðíûõ çäåñü âåñüìà îòäà¸ò àâàíòþðîé.} 14.
Nd4 Qg5 15. g3 {Îäíàêî â ëåòíèõ îäåññêèõ «áûñòðóøêàõ» ýòîãî ãîäà Àëåêñàíäð
Ãðèùóê äîâîëüíî ëåãêî óðàâíÿë øàíñû ïîñëå} Ne5 (15... exd5 16. cxd5 Bxd5 17.
Bc4 Bxc4 18. Qxc4+ Kh8 19. Qc6 Rd8 20. Qxc7 Ne5 21. Ra2 $3 {«Çàìå÷àòåëüíûé
õîä ëàäü¸é ïîçâîëÿåò Êðàìíèêó îòðàçèòü òàêòè÷åñêèå óãðîçû êîðîëþ è âïëîòíóþ
çàíÿòüñÿ ñòðàòåãè÷åñêèìè äåôåêòàìè ïîçèöèè ÷¸ðíûõ» (Êàñïàðîâ) - 1-0 Kramnik,
V (2753) - Polgar,J (2732)/Sofia 2005 (62)}) 16. Nxe6 Rxe6 17. dxe6 Qg6 18. Qb3
Ng5 19. e4 f4 20. f3 Nxe6 21. Kg2 Kh8 22. Bb2 fxg3 23. hxg3 Nf4+ 24. Kf2 Nh3+
25. Kg2 Nf4+ 26. Kf2 {
(1/2 Drozdovskij,Y (2558) - Grischuk,A (2717)/Odessa UKR 2007)}) 14... c5 $1 {
Èäåÿ ýòîãî õîäà, ïî ñëîâàì Àëèêà Ãåðøîíà è â ìî¸ì âîëüíîì ïåðåâîäå òàêîâà:
«÷¸ðíûå õîòÿò ïðîñòî âûèãðàòü ïåøêó íà d5, ïîòîìó è óâîäÿò ïåøêó ñ ñ7 ãäå
îíà áóäåò îòñòàëîé è ïîäâåðæåííîé íàïàäåíèþ òÿæ¸ëûé ôèãóð ïðîòèâíèêà.
Âñëåäñòâèå ÷åãî áåëûå äîëæíû ðåàãèðîâàòü êàêèì-ëèáî âçÿòèåì íà ïðîõîäå».} 15.
dxc6 $146 ({Ïîïûòêà óäåðæàòü ôîðïîñò ïóò¸ì} 15. Rfd1 {
ïðèâåëà ê âåñüìà ïëà÷åâíûì ïîñëåäñòâèÿì -} Qe7 16. Bf1 Kh8 17. dxe6 Qxe6 18.
Ne1 Ng5 19. Kh1 Rh6 20. Qc3 Qf7 21. f3 Rg8 22. Rd2 Qh5 23. h3 Ne5 24. Qc2 $2
Nexf3 $1 $19 25. Nxf3 Nxf3 26. Be2 Qg4 27. Bxf3 Bxf3 28. gxf3 Qxf3+ 29. Rg2
Rxh3+ 30. Kg1 Qxe3+ 31. Qf2 Qh6 32. Qxf5 Rh1+ 33. Kf2 Qd2+ 34. Kg3 Qe3+ {
(0-1 Postny,E (2421) - Gershon,A (2502)/Ramat Aviv/Modiin 2000).}) ({
Âñòðåòèâøååñÿ â îäíîé ïàðòèè æåðòâà ïåøêè} 15. Nd2 {, ïî-ìîåìó, âåñüìà ñïîðíà.
Âïðî÷åì â ïàðòèè ïåðâîèñòî÷íèêå áåëûå, â êîíöå êîíöîâ, ïîáåäèëè - 1-0 Zhao
Xue (2467) - Hou Yifan (2513)/Sochi RUS 2007.}) (15. Nd2) 15... Bxc6 {
ÈÌÕÎ ó ÷¸ðíûõ íåò è òåíè ïðîáëåì!} 16. Rfd1 Qe7 17. Ne1 $2 {Êîíü óø¸ë (è ÿâíî
íå òóäà)... Íåóæåëè áåëûå õîòåëè ïåðåâåñòè êîíÿ íà f4? Èëè ñëîíà íà f3?} Qh4 $1
$17 {Ôåðçü ïðèø¸ë (òóäà, êóäà ìå÷òàë)... À ìû, áîëåëüùèêè ñáîðíîé Ðîññèè,
ñòàëè ìå÷òàòü òóò î êðóïíîé ïîáåäå â ïîñëåäíåì òóðå...} 18. Bf1 (18. Bf3 Ba4
$1 19. Qxa4 $140 Qxf2+ 20. Kh1 Qf1#) (18. g3 Nxf2 $1 19. Rd2 (19. Kxf2 Qxh2+
20. Kf1 Rxg3 {è ìàò}) 19... Be4 $1 {, íå òîðîïÿñü ñ æåðòâàìè.} 20. Qc3 Nf6 {
è ò.ä.}) 18... Ng5 19. Rxd6 {Èíà÷å ñîâñåì ãðóñòíî... À òàê óäàëîñü âûèãðàòü!}
Nh3+ 20. Kh1 Nxf2+ 21. Kg1 Nh3+ 22. Kh1 Nf2+ 23. Kg1 Ng4 {
Ïîøàõîâàëè, âûèãðàëè ïåøêó, íî õî÷åòñÿ «âñ¸ æå» ïîñòàâèòü ìàò.} 24. g3 (24.
h3 Qg3 $1) 24... Nxe3 {
Ïðåèìóùåñòâî ÷¸ðíûõ ðàñò¸ò êàê íà äðîææàõ. Õîòÿ, êàæåòñÿ, êóäà óæ áîëüøå!} 25.
Qf2 ({Íå ïðîõîäèëî è} 25. Ng2 $5 Bxg2 $1 26. Qe2 (26. gxh4 $4 Bxf1+ 27. Kf2
Nxc2 $19) ({èëè} 26. Qxg2 Nxg2 27. gxh4 Nxh4+ 28. Kf2 Nf6 {
, è äâà ñëîíà ñîâñåì íå êîìïåíñèðóþò îòñóòñòâèå äâóõ ïåøåê.}) ({èëè} 26. Qf2
$4 Qxh2+ $1 27. Kxh2 Rh6+ 28. Kg1 Rh1#) 26... Bc6 $3 ({ïîñëå} 26... Nxf1 $5 {
äåëî îáîðà÷èâàåòñÿ îñòðûì «ëàäåéíèêîì» -} 27. gxh4 Bf3+ 28. Kxf1 Bxe2+ 29.
Kxe2 Rg2+ 30. Ke3 Rxb2 31. Rxd7 Rxh2 32. c5 {è ò.ä. Íàì òàêîãî íå íàäî!}) ({
à â ñëó÷àå} 26... Rxg3 $1 {ÿ äîàíàëèçèðîâàëñÿ äî íè÷üåé -} 27. hxg3 Qh1+ 28.
Kf2 Ng4+ 29. Ke1 Bxf1 30. Qxe6+ ({ñðàçó ïðîèãðûâàåò} 30. Qxf1 Qh2 $19) 30...
Kh8 31. Bxg7+ $1 {(òðóäíî, ïî-ìîåìó, ïðåäëîæèòü íå÷òî èíîå)} Kxg7 32. Rxd7+
Kh8 {Îäèí øàõ ïðîòèâíèêà ìîæåò ïðèâåñòè ÷¸ðíûõ ê ãèáåëè.} 33. Kd2 $1 Qg2+ 34.
Kc1 Qxg3 {(âïîëíå åñòåñòâåííàÿ öåïî÷êà õîäîâ, íå òàê ëè?)} 35. Qxf5 Qc3+ 36.
Kb1 Nf6 37. Rd6 {, è ÷¸ðíûì íàäî ñîãëàøàòüñÿ íè÷üþ -} Qb3+ 38. Kc1 Qc3+ 39.
Kb1 $11) 27. Rxc6 ({èëè} 27. Qxe3 f4 28. Rd4 e5 {è ò.ä.}) 27... f4 $1 28. Rxe6
$1 {(èíà÷å - æóòü, èíà÷å - ìðàê)} fxg3 29. Rxg6 hxg6 30. h3 Qf4 {
È æèòü áåëûì îñòàëîñü ñîâñåì íåäîëãî -} 31. Bc1 Re8 32. c5 ({åñëè} 32. Rb1 {
, òî} Ne5 $1 $19 {À èìåííî -} 33. Rb3 Nf3+ 34. Kh1 Nd4 35. Rxe3 Rf8 $1 $19 ({
íî, êîíå÷íî æå, íå} 35... Nxe2 $4 36. Rxe8+ Kh7 37. Bxf4 $18)) 32... Kh7 $1 {
÷òîáû áåëûå íå èìåëè âîçìîæíîñòè ìåíÿòüñÿ íà ñ4 ôåðçÿìè, ïîñëå óñòðàíåíèÿ
êîíÿ íà å3)} 33. c6 Ne5 $19 {
È õîòü âñ¸ òóò óæå ïðîñòî è ïîíÿòíî, íî äîâåä¸ì âàðèàíò äî ïîáåäíîãî êîíöà -}
34. Bxe3 Nf3+ 35. Kh1 Rxe3 36. Qb2 Nh4 37. Bg2 Rf3 $1) 25... Nxf1 {
Êàê æå òàê?!?!} ({«Ãðèùóê ïóò¸ì} 25... f4 $1 {
ìîæåò ðàçâèòü ìàòîâóþ àòàêó» (Øèïîâ). Ïðîâåðÿåì -} 26. Ng2 ({åñëè} 26. Nf3 {
, òî} Bxf3 27. Qxf3 Rf8 $1 28. Qe4 ({ñðàçó «ñëèâàåò âîäó»} 28. Rxd7 fxg3 $19)
28... Rxg3+ $1 29. hxg3 Qxg3+ 30. Kh1 Ng4 {, è áåëûå ñïàñòèñü íå äîëæíû:} 31.
Qxe6+ Rf7 32. Rd2 Qh4+ 33. Kg1 f3 34. Bd4 ({èëè} 34. Qe8+ Nf8 35. Qe1 f2+ 36.
Rxf2 Rxf2 37. Be5 Qg5 {è ò.ä.}) 34... f2+ 35. Rxf2 Nxf2 36. Bxf2 Qxf2+ 37. Kh1
Qh4+ 38. Kg2 (38. Kg1 Qd4+) 38... Nf6 {
, è ïîäêëþ÷åíèå â àòàêó ýòîãî êîíÿ áûñòðî ðåøàåò}) 26... Bxg2 27. Qxg2 $5 ({
åñëè} 27. Bxg2 {, òî} fxg3 28. hxg3 Rxg3 ({óæ, ïî êðàéíåé ìåðå, ñïîêîéíåå} 
28... Qxg3 $5 29. Qxg3 Rxg3 30. Kf2 Rxg2+ 31. Kxe3 Nf8 {è ò.ä.}) 29. Rxd7 Rxg2+
30. Qxg2 Nxg2 31. Rxg7+ Kf8 32. Rxg2 e5 $1 33. Bxe5 Ke7 {
, è äóìàåòñÿ, ÷òî çäåñü áåëûì íå ñäîáðîâàòü}) 27... Nxg2 28. gxh4 Nxh4+ 29.
Kf2 Nf6 30. Bxf6 (30. Rxe6 $4 Ng4+) 30... Rxf6 31. Re1 Re8 {è ò.ä. Êàê ìû
âèäèì, ïîñòàâèâ â çàùèòó Rybk'ó, ìàòîâóþ àòàêó îòáèòü óäàëîñü, íî ýíäøïèëü
ýòîò ñïàñòè âðÿä ëè óäàñòñÿ.}) 26. Rxc6 Nxh2 {Êîíü, êîíå÷íî, ãóëÿåò ïî òûëàì
êàê ãåíåðàë Äîâàòîð, íî, ïî âñåé âèäèìîñòè, ëüâèíàÿ äîëÿ ïåðåâåñà óïóùåíà.
Æàëü!} 27. Qxh2 Rxg3+ 28. Ng2 Qg5 29. Rd1 (29. Rxe6 f4 {è ò.ä.}) 29... Qe3+ $6
{Åù¸ îäèí íàïðàøèâàþùèéñÿ õîä. Åù¸ îäíà íåòî÷íîñòü. Ýòî ïðîäîëæåíèå äà¸ò
áåëûì âàæíåéøèé òåìï äëÿ îðãàíèçàöèè êîíòðàòàêè.} ({
Çàñëóæèâàëî áîëåå ÷åì âíèìàíèÿ} 29... Nf6 $5 30. Bxf6 $140 ({èëè} 30. Rcd6 f4
31. Rd8+ Rxd8 32. Rxd8+ Kf7 33. Bxf6 Kxf6 34. Kf1 Ke7 35. Rb8 Rf3+ 36. Kg1 Qg4
$1) 30... Qe3+ $1 31. Kh1 Qf3 32. Qxg3 ({ïîñëå} 32. Rcd6 Rh3 {
ôåðçü âûèãðûâàåòñÿ ÿâíî â áîëåå êîìôîðòíîé îáñòàíîâêå.} 33. Be5 g5 $1) 32...
Qxg3 33. Bb2 Qf3 {Âèëêà!} 34. Rcd6 f4 35. Rd7 e5 $1 36. Bxe5 $140 Qh5+) 30. Kh1
Qf3 31. Qxg3 $1 Qxg3 32. Rxd7 e5 33. Rcc7 {Âîò áåëûå óæå, êàê ìèíèìóì,
âûðîâíÿëè ïîëîæåíèå. Ê òîìó æå ó íèõ ÿâíî åñòü èäåÿ èãðû íà âûèãðûø - c4-c5-c6
è ò.ä. À ÷¸ðíûå âûíóæäåíû èãðàòü «âòîðûì íîìåðîì»...} h5 34. c5 $1 bxc5 35.
bxc5 Kh7 $5 ({÷¸ðíûì ìîãëè òóò íà÷àòü çàáåã â íè÷åéíóþ ñòîðîíó ïóò¸ì} 35...
h4 36. Rxg7+ $140 Qxg7 37. Rxg7+ Kxg7 38. Bxe5+ Kf7 39. c6 Ke6 40. Bf4 Rc8 41.
c7 Kd7 42. Ne3 Rxc7 43. Bxc7 Kxc7 44. Nxf5 Kb6 {
, îòïðàâëÿÿñü íà çàâîåâàíèå ïîñëåäíåé áåëîé ïåøêè.}) ({Ïðàâäà, â îòâåò íà} 
35... h4 {ñèëüíåå âûãëÿäèò} 36. c6 $5 {, êðåïêî íàäåÿñü íà} h3 37. Rxg7+ Qxg7
38. Rxg7+ Kxg7 39. Bxe5+ Kf7 40. Nf4 {
, íå ïðîïóñêàÿ ïîêà ÷¸ðíîãî êîðîëÿ ê ñâîåé ïðîõîäíîé. Âïðî÷åì, íåíàäîëãî -}
Rc8 41. c7 Ke7 42. Kh2 Kd7 43. Kxh3 Rxc7 44. Bxc7 Kxc7 $11) 36. c6 Re8 37. Re7
$6 {Ýòî, ïîõîæå, äîëæíî áûëî ïðèâåñòè ê íè÷üåé.} ({
Ïðîäîëæàëî áîðüáó çà ïåðåâåñ -} 37. Rxa7 $1 f4 $140 38. Rxg7+ Qxg7 39. Rxg7+
Kxg7 40. Nxf4 Kf7 41. Nd5 Rc8 42. Nb4 {è ò.ä.}) 37... Rxe7 38. Rxe7 f4 ({
Äîâîëüíî õèòðûì ÿâëÿëîñü çäåñü òàêîå ïðîäîëæåíèå} 38... Qh3+ 39. Kg1 Qf3 40. c7
({ìûñëü îòäàòü ñâîé ãëàâíûé êîçûðü, ðàçóìååòñÿ, êðåàòèâîì íå ÿâëÿåòñÿ -} 40.
Bxe5 Qxc6 41. Rxg7+ Kh6 {è ò.ä.}) 40... Qc6 41. Kh1 (41. Bxe5 Qc5+ 42. Kf1 Qxe7
43. c8=Q Qxe5 {- ó ÷¸ðíûõ, êàê ìèíèìóì, íå õóæå}) 41... Qc5 {
- èäåÿ çàùèòû çàêëþ÷àåòñÿ â «ãîíÿíèè» áåëîé ëàäüè ïî ïîëÿì d7, e7, f7 -}
42. Rf7 Kg6 43. Rd7 Kf6 44. Nf4 Qc4 $1 {
È, ïîõîæå, ÷òî óñèëèòüñÿ áåëûå íå ìîãóò. Íàïðèìåð,} 45. Rd6+ Kg5 46. Ne6+ ({
èëè} 46. Bxe5 Qe4+ 47. Kg1 Qxe5 48. Ne6+ Kg4 49. c8=Q Qe1+ 50. Kg2 Qe2+ {
- âå÷íûé øàõ}) 46... Kg4 47. Bxe5 Qf1+ 48. Kh2 Qf2+ 49. Kh1 $11 {
- íè÷üÿ, êàê è áûëî ïðåäñêàçàíî.}) 39. Bxe5 (39. c7 $4 f3 $19) 39... Qxa3 $4 {
Öåéòíîò...} ({Åñòü ïåøêó íà à3 ñëåäîâàëî, ïðåäâàðèòåëüíî çàñòàâèâ áåëîãî
êîðîëÿ ñòóïèòü íà g1 -} 39... Qh3+ $1 40. Kg1 Qxa3 41. Rxg7+ Kh6 42. c7 Qc5+ $1
{Âîò äëÿ ÷åãî áûë íåîáõîäèì øàõ íà h3!} 43. Kf1 Qxe5 {, è ëàäüÿ ïîä áîåì!} 44.
c8=Q Kxg7 {Î÷åâèäíî, ýòî íè÷üÿ.}) 40. Rxg7+ Kh6 41. c7 Qh3+ ({Èëè} 41... Qc5
42. Rg8 $18) 42. Kg1 Qe6 ({Èëè} 42... f3 43. Rg6+ Kh7 44. Rg3 {è ò.ä.}) 43.
Rg6+ $1 {Ñòàâèò êðàñèâóþ òî÷êó.} (43. Rg6+ $1 Qxg6 (43... Kxg6 44. Nxf4+) 44.
c8=Q $18) 1-0

[Event "ETCC 2007 "]
[Site "Crete"]
[Date "2007.11.06"]
[Round "9"]
[White "GM Svidler , Peter(RUS)"]
[Black "GM Cheparinov , Ivan(BUL)"]
[Result "1-0"]
[ECO "B81"]
[WhiteElo "2732"]
[BlackElo "2670"]
[Annotator "Ëåáåäåâ Âàñèëèé"]
[PlyCount "53"]
[EventDate "2007.11.06"]
[TimeControl "5400"]

{ß äóìàë, ÷òî ïîñëåäíèé òóð áóäåò äîâîëüíî ìèðíûì, íî ïîøëà ÒÀÊÀß ÇÀÐÓÁÀ...} 
1. e4 c5 2. Nf3 d6 3. d4 cxd4 4. Nxd4 Nf6 5. Nc3 a6 {
Íàéäîðô. Æä¸ì ÷òî áóäåò äàëüøå. Òóò âîçìîæíî âñ¸...} 6. Be3 e6 7. g4 {
«Âåíãåðñêàÿ àòàêà! Íó ñåé÷àñ íà÷í¸òñÿ», - ïîäóìàë ÿ.} h6 {
Èâàí îò ñàìûõ «âàêõàíàëèñòè÷åñêèõ» ïðîäîëæåíèé óêëîíÿåòñÿ.} ({Ïîñëå} 7... e5
8. Nf5 g6 9. g5 {íà äîñêå íà÷èíàëîñü áåçóìèå. È çäåñü î÷åíü ìíîãî êðàñèâûõ
ïàðòèÿ âûèãðàë Àëåêñåé Øèðîâ.} (9. Bg2 $5) {Äà è ó Ïåòðà òóò áûë óäà÷íûé îïûò,
ïðè÷¸ì íå òîëüêî áåëûìè! Íî ïîêàæó ÿ òóò òîëüêî îäíó ïàðòèþ -} 9... gxf5 10.
exf5 d5 11. gxf6 d4 12. Bc4 Qc7 13. Qd3 dxe3 14. O-O-O exf2 15. Bxf7+ Kxf7 16.
Qd5+ Kxf6 17. Ne4+ Ke7 18. f6+ Ke8 19. f7+ Ke7 20. Qd2 Qc6 ({ïðàâèëüíî çäåñü} 
20... Qb6 $1 {êàê è ñûãðàë â òîì æå ãîäó... Ï¸òð Ñâèäëåð!}) 21. Qg5+ Kxf7 22.
Rhf1 Bc5 23. Nxf2 Nd7 24. Ng4+ Ke8 25. Nxe5 Qe6 26. Rfe1 Nf6 27. Nd3 Be7 28.
Rxe6 Bxe6 29. Re1 Nd7 {(1-0 Svidler,P (2689) - Gelfand,B (2681)/Biel 2000).})
8. Bg2 ({Äîâîëüíî âåñåëî âûãëÿäèò} 8. f4) ({Äîñòàòî÷íî ïîïóëÿðíî è} 8. Qf3)
8... e5 9. Nf5 g6 10. h3 {Åù¸ íå íîâèíêà, íî óæå ïðåäòå÷à å¸.} ({Ñàì Èâàí â
ñëåäóþùåé ïàðòèè ëåãêî äîêàçàë ÷òî 400 ïóíêòîâ ðåéòèíãà - íå øóòêà -} 10. Qe2
gxf5 11. exf5 Rg8 12. h3 Qc7 13. f4 $1 Bd7 14. O-O-O Bc6 15. fxe5 dxe5 16. Bb6
$1 {«Ñèìïîòíî», íî äëÿ äàííîãî âàðèàíòà - ñòàíäàðòíî.} Qxb6 17. Qxe5+ Be7 18.
Rhe1 Kf8 $4 ({Ãàððè Êàñïàðîâ â ñâîåé íîâîé øàõìàòíîé êíèãå («Äåáþòíàÿ
ðåâîëþöèÿ 70-õ») óêàçûâàåò} 18... Qb4 $3 {, ïîñëå ÷åãî «áåëûì íå
ãàðàíòèðîâàíà äàæå íè÷üÿ!» Ýòî óæå áûëî ïðîâåðåíî íà ïðàêòèêå -} 19. Bxc6+ (
19. a3 Nbd7 $1) ({à åñëè} 19. Qxf6 {, òî} Bxg2 20. Qxh6 Nd7 21. f6 Nxf6 22.
Qxf6 Rd8 (22... Kf8 23. Qh6+ Rg7 $11) 23. Rxd8+ Kxd8 24. Qxf7 Rf8 {
- áåëûå â ïàðòåðå!}) 19... Nxc6 (19... Kf8 $5 {Êàñïàðîâ}) 20. Qxf6 Qf4+ 21. Kb1
Kf8 22. Rxe7 Nxe7 23. Qxe7+ Kxe7 24. Nd5+ Kd6 25. Nxf4+ Kc6 ({èëè} 25... Ke5)
26. Rd3 {È çäåñü ïîñëåäîâàëî ñîãëàøåíèå íà íè÷üþ, ÷òî ïî ìíåíèþ 13-ãî
÷åìïèîíà ìèðà (à èìåííî åãî àíàëèç ïîâòîðèëè çà äîñêîé ïàðòí¸ðû) áûëî ÿâíî
ïðåæäåâðåìåííûì!  (1/2 Deepan,C (2479) - Palac,M (2570)/Biel SUI 2007).}) 19.
Qxe7+ Kg7 20. Re6 $1 Nbd7 21. Rxd7 Nxd7 22. Rg6+ {Â äàâíåé ïàðòèè Tolnai,Tibor
(2410) - Vujovic,M (2330) (Zuerich op Zuerich (7), 1987) ïîñëå ýòîãî øàõà ÷¸ðíûå
 ñäàëèñü.} Kh8 23. Rxh6+ {
(1-0 Cheparinov,I (2640) - Rivera Huerta,A (2206)/Morelia MEX 2007)}) 10...
gxf5 ({Â «ïåðâîèñòî÷íèêîâîé» ïàðòèè ÷¸ðíûå èãðàëè ïî-äðóãîìó -} 10... d5 $5
{è äîáèëèñü áûñòðîé íè÷üè ïîñëå} 11. Qe2 gxf5 12. exf5 Bb4 13. O-O-O Bxc3 14.
bxc3 Nc6 15. c4 Qd6 (15... d4 $6 16. Bxc6+ bxc6 17. Bxd4) 16. cxd5 Qa3+ 17. Kb1
Qb4+ 18. Kc1 Qa3+ 19. Kb1 Qb4+ {(1/2 Kalod,R (2495) - Stopa,J (2469)/Brno 2006)
. Õîä â ïàðòèè áîëåå àìáèöèîçåí è ïðèíöèïèàëåí..}) 11. exf5 Nc6 12. Qe2 {
Íîðìàëüíàÿ ñèòóàöèÿ äëÿ äàííîãî âàðèàíòà: áåëûå áåç ôèãóðû, íî ïîêà ýòî íå
ñòîëü óæ è ñóùåñòâåííî... Âåäü â íàçâàíèè ýòîãî âàðèàíòà ôèãóðèðóåò ñëîâî
«ÀÒÀÊÀ»} Qa5 {Ýòà èäåÿ òåðïèò êðàõ. Òå, êòî ñîáèðàþòñÿ èãðàòü ýòîò âàðèàíò 
è äàëüøå äîëæíû áóäóò ïðèäóìàòü ÷òî-íèáóäü äðóãîå.} 13. O-O-O Bd7 14. f4 $1 {
Ïîåõàëè!} Rc8 {÷¸ðíûå ãîòîâÿò îòâåòíûé óäàð, è êòî áû ìîã ïîäóìàòü, ÷òî ýòî
áóäåò óäàð âèëàìè ïî âîäå.} ({Èíòåðåñíî, ÷òî áûë ãîòîâ ïðîäåìîíñòðèðîâàòü íàø
«ìåãàìîíñòð, ðàçîðâàâøèé ïåðâóþ äîñêó» â îòâåò íà} 14... O-O-O $5 {
Ó ìåíÿ ïîëó÷èëîñü âîò ÷òî, âïîëíå ôîðñèðîâàííîå -} 15. Qf2 $5 {
Ãðîçèò «âûëîâ» ÷¸ðíîãî ôåðçÿ.} Re8 ({íî íå} 15... exf4 $4 16. Bb6 Qb4 17. a3
Qc4 18. Bf1) ({òðåáóåò ðàññìîòðåíèÿ è} 15... Kc7 $5) {È äàëåå} 16. g5 hxg5 $140
({èëè ñðàçó, áåç ðàçìåíà -} 16... Nh5 $1 {, ÷òî, êàæåòñÿ, åù¸ ñèëüíåå} 17. Bb6
Qb4 18. Nd5 Qa4 19. Bd8 $1 ({ñëàáî êàê} 19. Kb1 Nb4 $1) ({òàê è} 19. Bc5 Kb8)
19... Qxa2 20. Qb6 Qa1+ $1 ({ïîñëå} 20... Qa5 21. Qxa5 Nxa5 22. Bxa5 Nxf4 {
íàõîäèòñÿ} 23. g6 $1 Nxg2 ({èëè} 23... Nxd5 24. Bxd5 fxg6 25. fxg6 Be6 26. Be4
$44) 24. gxf7 Re7 25. Nb6+ Kc7 26. Nd5+ Kc8 $11) 21. Kd2 Qa5+ {(øàõ!)} 22. Qxa5
Nxa5 23. Bxa5 Bxf5 {, è áåëûì íàäî áîðîòüñÿ çà íè÷üþ...}) 17. fxg5 Nh5 18.
Bb6 Qb4 19. Nd5 ({íåëüçÿ, ê ñîæàëåíèþ,} 19. a3 Qf4+) 19... Qa4 {
È òåïåðü âåñüìà êðåàòèâíî} {èëè} 20. Bc5 $5 {
, íî è çäåñü, ïîõîæå, ó ÷¸ðíûõ íàõîäèòñÿ ñïàñåíèå -} ({
êðàñèâî, íî ìàëî ÷òî äà¸ò} 20. Bd8 $5 {èç-çà} Qxa2 21. Qb6 Qa1+ 22. Kd2 Qa5+
23. Qxa5 Nxa5 24. Bxa5 Bxf5 {è ò.ä.}) 20... Qb5 ({íàñêîëüêî ÿ ïîíÿë} 20... Qxa2
{âåä¸ò ê áîëüøèì íåïðèÿòíîñòÿì ïîñëå} 21. Ba3 $1 {È äàëåå -} Nd4 22. Nb6+ Kc7
23. Bd5 Qa1+ 24. Kd2 Qxd1+ 25. Rxd1 Kxb6 26. Bxf7 (26. c3 Nf4 $1) 26... Rc8 $1
27. c3 Nf6 $1 28. gxf6 ({õóæå} 28. Ke1 {ââèäó ñëåäóþùåé êîìáèíàöèîííîé ôååðèè}
Ne4 29. Qe3 Nxg5 $1 30. cxd4 Rxh3 31. Qxg5 Rh1+ 32. Kf2 Rxd1 33. dxe5 Rc2+ 34.
Ke3 Bxf5 $1 {È ñëîíà áèòü íåëüçÿ -} 35. Qxf5 Bh6+ 36. Ke4 Re2+ 37. Kf3 Rf1+)
28... Rxh3 $132 29. Kc1 Rf3 30. Qg2 Bc6 31. Qg1 $1 Bh6+ 32. Kb1 Be3 33. Qg6 $16
{Íî êàê âû ïîíèìàåòå, âñåãî ýòî íå ñëó÷èòñÿ, åñëè ÷¸ðíûå íå áóäóò ìåíÿòü
ïåøêè íà 16-ì õîäó...}) 21. Be3 $1 Nf4 $140 $6 ({èëè} 21... Nd4 22. Bxd4 exd4
23. Qxd4 Rg8 24. Qa7 $1 {Ôåðçü ãîòîâ íàâåñòè øîðîõó.} Bc6 25. Rd3 $1 Bg7 26.
Rb3 Bxd5 27. Rxb5 Bxg2 28. Rh2 axb5 29. Rxg2 $14) 22. Nc3 Qa5 23. Bb6 Qb4 24.
a3 Qc4 25. Bf1 Ne2+ 26. Bxe2 Qf4+ 27. Qxf4 exf4 28. Bg4 $16) ({
È î÷åâèäíî, ÷òî íåëüçÿ} 14... exf4 $2 15. Bb6+ Qe5 16. Qf2 Be7 $140 17. Rhe1
{, è ôåðçü ïîéìàí. Åù¸ ðàç ïîäñòðàõóþñü, è ñêàæó, ÷òî âñ¸ ýòè ãîëîâîëîìíûå
âàðèàíòû âïîëíå ìîæíî ïðîïóñòèòü, èáî îíè âåñüìà èëëþñòðàòèâíûå.}) 15. Kb1 $1
Nb4 {
Ïîñëå ýòîãî ïîçèöèÿ ÷¸ðíûõ ðóøèòñÿ, êàê ãîâîðèòñÿ, «ñòðåìèòåëüíûì äîìêðàòîì»
} 16. a3 $1 Rxc3 {Ïåðåõîäÿ êàê áû â ðåøèòåëüíóþ êàê áû â àòàêó. Îäíàêî} (16...
Nc6 17. Qf2 {(ãðîçèò Bb6)} Qd8 18. Rhe1 $40) 17. axb4 {
Êîíå÷íî, ãëàâíîå òóò  - âûáèòü ëîøàäåé.} ({Ïëîõî} 17. bxc3 $6 Nbd5 $1 ({
åñòü òóò è íè÷üÿ -} 17... Qxa3 18. cxb4 Qxb4+ 19. Kc1 Qa3+ 20. Kb1 ({ñëàáî} 
20. Kd2 Bb5 21. Qf2 d5 $40) 20... Qb4+ 21. Ka1 Qa3+ 22. Kb1 $11) 18. Bd2 Nxc3+
19. Bxc3 Qxc3 20. fxe5 Bb5 $1 $15 {Êàê ìèíèìóì.} {(} 21. Qe1 Qxe5 {).}) 17...
Qxb4 18. fxe5 Ba4 {Ãðîçíî íàöåëèâàÿñü íà ïîçèöèþ ðîêèðîâêè áåëûõ? Õà!} (18...
dxe5 19. Bd2 $18) 19. exf6 $1 ({Çäåñü âîò Rybka «çàáóçèëà». Õîä â ïàðòèè åé
íå î÷åíü «íðàâèòñÿ». À õî÷åòñÿ åé ñûãðàòü «òóïî»} 19. Rc1 $16 {, ÷òîáû çàòåì
 ïîéìàòü ïðîòèâíèêà íà ñâÿçêå (Bd2 è ò.ä.). Íî ìû, êàê öåíèòåëè
ïðåêðàñíîãî, êîíå÷íî æå, ãîëîñóåì çà æåðòâó ôåðçÿ!}) 19... Bxc2+ 20. Qxc2 Rxc2
21. Kxc2 {È êîðîëÿ ÷¸ðíûõ, çàñòðÿâøåãî â öåíòðå, õî÷åòñÿ «íåìíîæå÷êî»
ïîàòàêîâàòü, ïîìàòîâàòü...} d5 $4 {Òåïåðü ñëåäóåò áûñòðûé ðàçãðîì. Íî ïîíÿòü
÷¸ðíûõ ìîæíî - æèòü â «ïðèïå÷àòàííîì» ñîñòîÿíèè (ïîñëå Bd5) è ñìîòðåòü êàê
ñîïåðíèê áóäåò èñêàòü ñïîñîá îêîí÷àòåëüíîãî óäóøåíèÿ - âðàãó íå ïîæåëàåøü,
òåì áîëåå ñåáå, ëþáèìîìó. ;) È âîîáùå, êàê ãëàñèò ñòàðûé àôîðèçì, - ëó÷øå
êîíåö áåç ìó÷åíèé, ÷åì ìó÷åíèÿ áåç êîíöà!} (21... a5 22. Bd5) 22. Rxd5 Qa4+
23. Kb1 Bb4 {÷¸ðíûå, êîíå÷íî æå íå óñïåâàþò ñäåëàòü ðîêèðîâêó.} ({
Íåò, âîîáùå-òî, ðîêèðîâàòüñÿ ÷¸ðíûå ìîãóò èçëîâ÷èòüñÿ -} 23... Bd6 24. Rxd6
O-O {, òîëüêî êîìó òàêîå óáîæåñòâî íóæíî?}) 24. Bc5 $1 Qb3 (24... Bxc5 25. Re1+
{ñ ìàòîì.}) 25. Re5+ ({Èëè} 25. Be7 $1 {
, ïðîäîëæàÿ «ñëîíîïîòàìñêèé» çèãçàãîîáðàçíûé  ìàí¸âð.} Bxe7 $140 26. Re1 $18)
25... Kd8 ({Íè÷åãî îñîáî íå ìåíÿåò è} 25... Kd7 26. Re3 Qc4 27. Rd1+ Kc8 28.
Rc1 {è ò.ä.}) 26. Bxb4 Qxb4 27. Rc1 1-0